 Dungeon Crawl Stone Soup version 0.23.2-33-g5129a83184 (webtiles) character file.

Game seed: 6426010639258177439

146188 DildoBatman the Peltast (level 18, -4/134 HPs)
             Began as a Formicid Wizard on July 12, 2019.
             Was an Initiate of Gozag.
             Slain by a titanic slime creature (86 damage)
             ... on level 4 of the Swamp.
             The game lasted 02:32:41 (31547 turns).

DildoBatman the Peltast (Formicid Wizard)          Turns: 31547, Time: 02:32:42

Health: -4/134     AC: 21    Str: 10    XL:     18   Next: 6%
Magic:  28/36      EV: 15    Int: 24    God:    Gozag
Gold:   6242       SH: 21    Dex:  9    Spells: 19/46 levels left

rFire    . . .     SeeInvis +   a - +2 trident (venom)
rCold    + . .     Gourm    .   U - +0 large shield
rNeg     . . .     Faith    .   o - +3 troll leather armour
rPois    +         Spirit   .   (helmet unavailable)
rElec    .         Reflect  .   H - +1 cloak
rCorr    .         Harm     .   k - +1 pair of gloves of Insecurity {+Fly rPois MR+ Str-4}
MR       ++...                  S - +0 pair of boots
Stlth    +++.......             m - amulet of magic regeneration
HPRegen  0.00/turn              j - +6 ring of protection
MPRegen  0.50/turn              u - +4 ring of slaying

@: very slightly contaminated, regenerating
A: permanent stasis, dig shafts and tunnels, four strong arms, antennae 3, beak,
large bone plates 1, cold resistance 1, inhibited regeneration, wild magic 1
a: Dig, Shaft Self, Potion Petition, Call Merchant, Bribe Branch, Renounce
Religion, Evoke Flight


You were on level 4 of the Swamp.
You worshipped Gozag.
Gozag was greatly pleased with you.
You were full.

You visited 5 branches of the dungeon, and saw 28 of its levels.
You also visited: Trove and Ice Cave.

You collected 8485 gold pieces.
You spent 1309 gold pieces at shops.
You paid 934 gold pieces to Gozag.

Inventory:

Hand Weapons
 a - a +2 trident of venom (weapon)
 c - the +7 hunting sling "Winuhumpu" {flame, rF+ Str+4 Int+3}
   (You bought it in a shop on level 12 of the Dungeon)

   It causes projectiles fired from it to burn those they strike, causing extra
   injury to most foes and up to half again as much damage against particularly
   susceptible opponents.
   It affects your strength (+4).
   It affects your intelligence (+3).
   It protects you from fire.
Missiles
 n - 231 bolts
 q - 607 arrows
 D - a throwing net (quivered)
 J - 82 sling bullets
 X - 10 poisoned needles
Armour
 k - the +1 pair of gloves of Insecurity (worn) {+Fly rPois MR+ Str-4}
   (You bought it in a shop on level 6 of the Dungeon)

   It affects your strength (-4).
   It protects you from poison.
   It affects your resistance to hostile enchantments.
   It lets you fly.
 o - a +3 troll leather armour (worn)
 H - a +1 cloak (worn)
 S - a +0 pair of boots (worn)
 T - the +1 leather armour of Hepliaklqana's Hatred {+Blink rPois rC- Dex+2, unknown}
   (You found it on level 3 of the Swamp)

   It affects your dexterity (+2).
   It makes you vulnerable to cold.
   It protects you from poison.
   It lets you blink.
 U - a +0 large shield (worn)
Magical Staves
 b - an uncursed staff of energy
 f - an uncursed staff of air
Jewellery
 j - a +6 ring of protection (left hand)
 m - an amulet of magic regeneration (around neck)
 p - a +2 ring of evasion
 r - an uncursed amulet of regeneration
 t - an uncursed ring of positive energy
 u - a +4 ring of slaying (right hand)
 K - an uncursed ring of protection from fire
 N - an uncursed ring of wizardry
 P - an uncursed ring of stealth {unknown}
 Q - an uncursed ring of protection from magic
Wands
 g - a wand of acid (22)
 w - a wand of paralysis (16)
 A - a wand of disintegration (32)
 B - a wand of clouds (6)
 I - a wand of flame (28)
 V - a wand of iceblast (21)
Scrolls
 e - 2 scrolls of fog
 i - 2 scrolls of holy word {unknown}
 x - 14 scrolls of remove curse
 z - 7 scrolls of identify
 C - 6 scrolls of magic mapping
 E - a scroll of enchant weapon
 M - 4 scrolls of fear
 O - a scroll of summoning
 R - a scroll of amnesia
 W - a scroll of silence {unknown}
Potions
 h - 3 potions of might
 l - 6 potions of resistance
 s - 3 potions of flight
 y - 11 potions of curing
 F - 2 potions of invisibility
 G - a potion of ambrosia {unknown}
 L - 2 potions of heal wounds {unknown}
 Y - a potion of brilliance {unknown}
Miscellaneous
 d - a lamp of fire
Comestibles
 v - 8 rations


   Skills:
 - Level 10.0 Fighting
 - Level 2.0 Polearms
 - Level 0.5 Slings
 - Level 10.0 Armour
 - Level 8.0 Dodging
 - Level 6.0 Stealth
 - Level 15.0 Shields
 * Level 14.6 Spellcasting
 - Level 6.3 Conjurations
 - Level 6.0 Charms
   Level 1.0 Summonings
 - Level 9.1 Necromancy
   Level 0.8 Translocations
 - Level 4.1 Fire Magic
 - Level 6.0 Ice Magic
 - Level 4.2 Air Magic
 - Level 7.2 Earth Magic
 - Level 8.0 Poison Magic
 - Level 6.0 Evocations


You had 19 spell levels left.
You knew the following spells:

 Your Spells              Type           Power        Failure   Level  Hunger
a - Conjure Flame         Conj/Fire      ######..     3%          3    None
b - Borgnjor's Vile Clut  Necr/Erth      ######....   7%          5    ##.....
c - Spectral Weapon       Hex/Chrm       #####...     6%          3    None
d - Regeneration          Chrm/Necr      ######....   1%          3    None
e - Mephitic Cloud        Conj/Pois/Air  ######..     2%          3    None
f - Ozocubu's Armour      Chrm/Ice       ######..     2%          3    None
h - Dispel Undead         Necr           ######..     4%          5    ##.....
z - Sublimation of Blood  Necr           ######....   1%          2    None

Your spell library contained the following spells:

 Spells                   Type           Power        Failure   Level  Hunger
 Animate Skeleton         Necr           N/A          1%          1    None
 Freeze                   Ice            ####         1%          1    None
 Magic Dart               Conj           ####         1%          1    None
 Pain                     Necr           ####         1%          1    None
 Shock                    Conj/Air       ####         1%          1    None
 Poisonous Vapours        Pois/Air       ######       1%          2    None
 Swiftness                Chrm/Air       ######..     1%          2    None
 Throw Frost              Conj/Ice       ######       1%          2    None
 Static Discharge         Conj/Air       ######..     2%          3    None
 Animate Dead             Necr           N/A          2%          4    None
 Ensorcelled Hibernation  Hex/Ice        #####.       3%          2    None
 Olgreb's Toxic Radiance  Pois           ######..     3%          4    None
 Summon Butterflies       Summ           ####....     4%          1    None
 Summon Small Mammal      Summ           ####         4%          1    None
 Ignite Poison            Fire/Tmut/Pois #####...     4%          3    None
 Spider Form              Tmut/Pois      #####.....   4%          3    None
 Agony                    Necr           ######..     4%          5    ##.....
 Apportation              Tloc           ####..       5%          1    None
 Throw Icicle             Conj/Ice       ######..     5%          4    None
 Beastly Appendage        Tmut           ###...       7%          1    None
 Confusing Touch          Hex            ###...       7%          1    None
 Call Imp                 Summ           ####....     7%          2    None
 Slow                     Hex            ###.....     10%         2    None
 Sticks to Snakes         Tmut           ###.....     10%         2    None
 Airstrike                Air            #####.....   12%         4    None
 Gell's Gravitas          Tloc           ####......   13%         3    None
 Lesser Beckoning         Tloc           ####......   13%         3    None
 Petrify                  Tmut/Erth      #####...     14%         4    None
 Summon Ice Beast         Ice/Summ       #####...     14%         4    None
 Fulminant Prism          Conj/Hex       #####.....   16%         4    None
 Ice Form                 Ice/Tmut       #####...     17%         4    None
 Confuse                  Hex            ###.....     19%         3    None
 Tukima's Dance           Hex            ###.....     19%         3    None
 Lightning Bolt           Conj/Air       ######....   19%         5    ##.....
 Summon Lightning Spire   Summ/Air       #####...     21%         4    None
 Death Channel            Necr           ######....   22%         6    ####...
 Alistair's Intoxication  Tmut/Pois      #####...     30%         5    ##.....
 Passage of Golubria      Tloc           N/A          36%         4    None
 Simulacrum               Ice/Necr       ######....   36%         6    ####...
 Irradiate                Conj/Tmut      #####.....   38%         5    ##.....
 Metabolic Englaciation   Hex/Ice        #####.....   43%         5    ##.....
 Silence                  Hex/Air        #####.....   52%         5    ##.....
 Blade Hands              Tmut           ###.......   82%         5    ##.....
 Yara's Violent Unravell  Hex/Tmut       ###.......   82%         5    ##.....
 Shadow Creatures         Summ           N/A          99%         6    ####...
 Haunt                    Necr/Summ      ######....   99%         7    ######.
 Ring of Flames           Chrm/Fire      ######....   99%         7    ######.
 Darkness                 Hex            ###.......   100%        6    ####...
 Invisibility             Hex            ###.....     100%        6    ####...
 Borgnjor's Revivificati  Necr           ######....   100%        8    #######
 Chain Lightning          Conj/Air       ######....   100%        8    #######
 Death's Door             Chrm/Necr      ######....   100%        8    #######
 Ignition                 Fire           #####.....   100%        8    #######
 Infestation              Necr           ######....   100%        8    #######
 Necromutation            Tmut/Necr      ######....   100%        8    #######
 Shatter                  Erth           ######....   100%        9    #######
 Tornado                  Air            #####.....   100%        9    #######
 Blink                    Tloc           Unusable     N/A         2    N/A

Dungeon Overview and Level Annotations

Branches:
Dungeon (15/15)            Temple (1/1) D:4            Lair (6/6) D:8
  Swamp (4/4) Lair:4       Spider (0/4) Lair:4        Slime (0/5) Lair:6
    Orc (2/2) D:9             Elf (0/3) Orc:2        Vaults (0/5) D:13
 Depths (0/5) D:15

Altars:
Ashenzari
Cheibriados
Dithmenos
Elyvilon
Fedhas
Gozag
Hepliaklqana
Kikubaaqudgha
Makhleb
Nemelex Xobeh
Okawaru
Qazlal
Ru
Sif Muna
Trog
Uskayaw
Vehumet
Wu Jian
Xom
Yredelemnul
Zin
The Shining One
Beogh
Jiyva

Shops:
D:5 *[   D:6 [   D:9 (   D:12 *   D:15 !   Orc:1 }   Orc:2 [?((

Annotations:
Swamp:4 3 runed translucent doors, GordonOverkill's ghost, journeyman FeBe; Jabberih's ghost, adept DsGl; Morbidden's ghost, adept DsGl


Innate Abilities, Weirdness & Mutations

You cannot be hasted, slowed, berserked, paralysed or teleported.
You can dig through walls and to a lower floor.
Your four strong arms can wield two-handed weapons with a shield.
You have a pair of large antennae on your head. (SInv)
You have a beak for a mouth.
You are partially covered in large bone plates. (SH +4)
Your flesh is cold resistant. (rC+)
You do not regenerate when monsters are visible.
Your spells are a little harder to cast, but a little more powerful.


Message History

The enormous slime creature is severely wounded.
Your spectral weapon hits the enormous slime creature.
The enormous slime creature looks even sicker.
You block the slime creature's attack.
Two slime creatures merge to form a titanic slime creature.
You puncture the titanic slime creature!
The titanic slime creature is severely wounded.
Your spectral weapon hits the titanic slime creature.
You block the slime creature's attack.
You puncture the titanic slime creature!
The titanic slime creature is almost dead.
Your spectral weapon hits the titanic slime creature!
The titanic slime creature is engulfed in blazing flames.
You block the titanic slime creature's attack.
The slime creature hits you but does no damage.
The titanic slime creature is engulfed in blazing flames.
The titanic slime creature hits you!!!!
Ouch! That really hurt!
You die...
Your body crumbles into a pile of gold.

≈ #≈#.≈≈.≈.≈≈.#♣♣♣ #≈
#≈≈#≈≈≈.#.≈≈≈.≈♣
≈.#≈#####≈#.≈≈.#.≈≈≈♣≈.♣♣
#≈≈≈≈≈≈≈≈≈#≈≈≈.≈≈≈≈≈≈.§♣
≈#≈≈.≈.≈≈#≈$≈≈#≈≈≈#≈≈..♣
..≈≈≈≈.≈..$.$$.≈#≈♣≈≈≈...≈♣
#♣♣##♣♣##♣♣##♣♣≈#§≈.≈..≈≈♣♣
♣##.♣##♣♣ #♣≈##♣$≈≈≈.≈≈..♣
♣≈...≈≈≈♣ ♣≈≈≈@J$≈≈..≈≈≈.♣
♣♣≈..≈≈♣♣ ♣♣..(J.≈.≈..≈≈≈♣ .♣
♣..♣♣♣♣ ♣♣....≈≈.≈≈≈≈..≈ ♣♣≈
♣..♣ ♣♣..≈....≈≈≈≈≈.♣♣≈≈
♣♣≈♣♣ ♣..≈≈≈....≈≈≈.≈♣♣.≈
♣..♣♣♣♣♣♣♣♣♣≈≈≈≈≈..≈≈≈......≈
♣♣.≈≈≈≈≈≈♣♣.≈≈≈≈≈≈.≈≈≈≈≈≈≈.≈≈
♣♣.≈≈≈≈≈.≈§≈≈≈≈≈≈..≈≈≈≈≈≈≈≈≈
♣.≈≈≈≈≈≈♣..≈≈≈≈...≈...≈≈≈≈≈


You could see a titanic slime creature, a slime creature and a friendly spectral
+2 trident of venom.

Vanquished Creatures
  Agnes (D:15)
  3 thorn hunters
  Donald (Swamp:4)
  Louise (D:15)
  An ironheart preserver (D:13)
  Nessos (D:15)
  Snorg (Lair:5)
  2 ice dragons (IceCv)
  A vault guard (D:14)
  18 hydras
  3 centaur warriors
  A shambling mangrove (Swamp:2)
  2 death knights
  5 ogre magi
  17 two-headed ogres
  4 catoblepae (Lair:6)
  7 death yaks (Lair:6)
  A queen ant (Lair:3)
  A tengu warrior (D:13)
  5 alligators
  A vampire mage (D:15)
  6 skeletal warriors (D:15)
  4 unseen horrors
  7 swamp dragons
  A phantasmal warrior (D:15)
  A lindwurm (Lair:4)
  A necromancer (D:15)
  A fire giant zombie (D:15)
  An orc sorcerer (Orc:2)
  3 deep elf magi
  A sphinx zombie (D:15)
  An ugly thing (D:13)
  3 cyclopes
  An oklob plant (Orc:2)
  2 manticores (Lair:6)
  17 elephants
  6 black mambas
  7 centaur zombies
  2 ice statues (IceCv)
  19 spiny frogs
  A gargoyle (D:12)
  7 orange demons (D:15)
  7 centaur skeletons
  8 rime drakes
  A kobold demonologist (D:13)
  11 komodo dragons
  An efreet (D:15)
  2 freezing wraiths
  4 yaktaurs (D:15)
  3 death yak skeletons
  A catoblepas skeleton (Lair:3)
  A merfolk (D:10)
  6 trolls
  2 red devils (D:15)
  A polar bear (Lair:5)
  Grinder (D:6)
  5 tyrant leeches
  10 hornets
  28 slime creatures
  2 hydra skeletons
  11 bog bodies
  16 blink frogs
  10 hippogriffs
  7 spriggans
  3 black mamba zombies
  3 redbacks (Lair:4)
  A centaur simulacrum (D:14)
  Sigmund (D:6)
  5 shadows
  6 wraiths
  4 wyverns
  51 yaks
  A vampire (D:9)
  A fire elemental (Lair:3)
  6 fire bats (Lair:3)
  6 basilisks
  3 black mamba skeletons
  A hungry ghost (D:9)
  5 vampire mosquitoes
  A steam dragon (D:11)
  2 elf zombies
  A warg (Orc:1)
  5 insubstantial wisps (Swamp:1)
  Menkaure (D:5)
  16 soldier ants (Lair:3)
  A human zombie (D:15)
  20 swamp worms
  10 water moccasins
  An acid dragon (D:15)
  3 spiny frog zombies (Lair:4)
  6 porcupines
  8 swamp drakes
  A hornet zombie (D:14)
  2 spiny frog skeletons
  A black bear (D:7)
  10 orc warriors
  16 ice beasts
  A necrophage (D:10)
  5 sky beasts
  A manticore zombie (D:13)
  5 boggarts (D:15)
  2 elephant zombies (Lair:3)
  28 ogres
  2 phantoms
  A dream sheep zombie (Lair:1)
  3 wolves (Lair:6)
  14 centaurs
  8 crocodiles
  A big kobold (D:14)
  A komodo dragon zombie (Lair:3)
  A cyclops zombie (D:14)
  A hippogriff skeleton (D:13)
  3 komodo dragon skeletons
  2 water moccasin zombies
  15 bullfrogs
  A water moccasin skeleton (Lair:6)
  2 scorpions
  A wyvern skeleton (D:8)
  A yak zombie (Lair:2)
  15 killer bees
  A yak skeleton (Lair:4)
  5 jellies
  14 wights
  A howler monkey (D:9)
  4 crimson imps
  3 bullfrog zombies
  A lava snake (Lair:3)
  5 hounds
  4 quasits
  17 orc priests
  7 iguanas
  20 orc wizards
  5 bullfrog skeletons
  3 porcupine zombies
  32 worker ants
  2 porcupine skeletons
  An ogre zombie (D:13)
  A hound zombie (D:12)
  A crocodile skeleton (Lair:4)
  A hound skeleton (D:4)
  A howler monkey zombie (D:10)
  2 worker ant zombies
  3 gnolls
  5 adders
  3 shadow imps
  2 oozes
  An adder zombie (D:9)
  6 adder skeletons
  A worm (D:4)
  4 dart slugs
  6 leopard geckos
  82 orcs
  A ball python (D:1)
  5 bats
  A bat zombie (D:13)
  5 giant cockroaches
  7 goblins
  7 hobgoblins
  27 jackals
  14 kobolds
  8 quokkas
  A dart slug zombie (D:13)
  7 frilled lizards
  A goblin zombie (D:12)
  2 kobold zombies
  A leopard gecko skeleton (D:4)
  A leopard gecko zombie (D:12)
  2 quokka skeletons
  8 rats
  2 plants (D:8)
  3 spectral weapons
970 creatures vanquished.

Vanquished Creatures (collateral kills)
  5 worker ants (Lair:3)
5 creatures vanquished.

Vanquished Creatures (others)
  A centaur warrior (D:15)
  A manticore (D:11)
  An orange demon (D:15)
  A tyrant leech (Swamp:4)
  A yak (Lair:2)
  2 centaurs
  A hound (D:10)
  A worker ant (Lair:3)
  An orc (D:13)
  15 fungi
  12 plants
  11 spectral weapons
48 creatures vanquished.

Grand Total: 1023 creatures vanquished

Notes
Turn   | Place    | Note
-------+----------+-------------------------------------------
     0 | D:1      | DildoBatman the Formicid Wizard began the quest for the
                  | Orb.
     0 | D:1      | Reached XP level 1. HP: 13/13 MP: 4/4
    24 | D:1      | Reached skill level 1 in Conjurations
   269 | D:1      | Reached XP level 2. HP: 19/19 MP: 0/6
   586 | D:1      | Reached XP level 3. HP: 22/24 MP: 0/7
   591 | D:1      | Learned a level 3 spell: Conjure Flame
   595 | D:1      | Learned a level 3 spell: Mephitic Cloud
  1455 | D:2      | Reached XP level 4. HP: 25/30 MP: 0/8
  2442 | D:3      | Reached XP level 5. HP: 35/35 MP: 5/9
  2482 | D:3      | Found a hide-covered altar of Uskayaw.
  2969 | D:4      | Noticed a bullfrog
  3072 | D:4      | Found a hazy altar of Hepliaklqana.
  3197 | D:4      | Found a shadowy altar of Dithmenos.
  3221 | D:4      | Found a staircase to the Ecumenical Temple.
  3230 | Temple   | Entered the Ecumenical Temple
  3364 | Temple   | Became a worshipper of Kikubaaqudgha
  3479 | D:4      | Found a snail-covered altar of Cheibriados.
  3753 | D:4      | Killed a bullfrog
  3753 | D:4      | Reached skill level 5 in Conjurations
  3753 | D:4      | Reached XP level 6. HP: 38/41 MP: 4/10
  3836 | D:4      | Noticed a phantom
  4017 | D:5      | Entered Level 5 of the Dungeon
  4017 | D:5      | Noticed Menkaure
  4330 | D:4      | Found a white marble altar of Elyvilon.
  4334 | D:4      | Found a sparkling altar of Nemelex Xobeh.
  4340 | D:4      | Found a shimmering altar of Xom.
  4569 | D:4      | Killed a phantom
  4569 | D:4      | Reached XP level 7. HP: 36/46 MP: 1/11
  4750 | D:5      | Reached * piety under Kikubaaqudgha
  4750 | D:5      | Identified Kikubaaqudgha's Reference Book on Unholy Magic
                  | (Kikubaaqudgha gifted it to you on level 5 of the Dungeon)
  4750 | D:5      | Received a gift from Kikubaaqudgha
  4750 | D:5      | Reached skill level 1 in Poison Magic
  4756 | D:5      | Learned a level 3 spell: Regeneration
  4759 | D:5      | Learned a level 2 spell: Sublimation of Blood
  4879 | D:4      | Reached skill level 1 in Fire Magic
  5117 | D:5      | Reached skill level 1 in Air Magic
  5152 | D:5      | Found an opulent altar of Gozag.
  5153 | D:5      | Found Gozag's Platinum Reserve.
  5171 | D:5      | Found Ficeal's Antique Armour Emporium.
  5182 | D:5      | Bought a slimy buckler for 199 gold pieces
  5187 | D:5      | Identified the cursed +0 buckler of Relativism {rC++} (You
                  | bought it in a shop on level 5 of the Dungeon)
  5395 | D:5      | Reached skill level 1 in Shields
  5428 | D:5      | Reached skill level 2 in Shields
  5452 | D:4      | Reached skill level 3 in Shields
  5627 | D:5      | Reached XP level 8. HP: 40/52 MP: 7/12
  5661 | D:5      | Found a radiant altar of Vehumet.
  5816 | D:5      | Killed Menkaure
  5967 | D:6      | Noticed Grinder
  6016 | D:6      | Found a glowing silver altar of Zin.
  6106 | D:6      | Noticed Sigmund
  6148 | D:6      | Killed Sigmund
  6240 | D:6      | Killed Grinder
  6240 | D:6      | Reached skill level 5 in Poison Magic
  6240 | D:6      | Reached XP level 9. HP: 39/57 MP: 0/13
  6349 | D:6      | Found a shattered altar of Ashenzari.
  6600 | D:6      | Found Ogopedgho's Antique Armour Shop.
  6951 | D:7      | Got a brightly glowing chain mail
  6979 | D:7      | Identified the cursed +1 chain mail of the Shining Light
                  | {*Contam MP+9 Str+9} (You found it on level 7 of the
                  | Dungeon)
  7050 | D:7      | Noticed a hippogriff
  7068 | D:7      | Killed a hippogriff
  7292 | D:7      | Reached ** piety under Kikubaaqudgha
  7294 | D:7      | Found a snail-covered altar of Cheibriados.
  7335 | D:7      | Reached skill level 1 in Charms
  7335 | D:7      | Reached skill level 1 in Necromancy
  7830 | D:8      | Noticed a two-headed ogre
  7846 | D:8      | Killed a two-headed ogre
  7846 | D:8      | Reached skill level 5 in Spellcasting
  7846 | D:8      | Reached XP level 10. HP: 50/63 MP: 1/17
  8485 | D:8      | Found a staircase to the Lair.
  8602 | D:8      | Noticed a deep elf mage
  8616 | D:8      | Killed a deep elf mage
  8616 | D:8      | Reached skill level 5 in Necromancy
  9189 | D:9      | Found a deep blue altar of Sif Muna.
  9364 | D:9      | Reached skill level 1 in Armour
  9364 | D:9      | Reached skill level 1 in Evocations
  9374 | D:9      | Reached skill level 1 in Fighting
  9481 | D:9      | Found a staircase to the Orcish Mines.
  9591 | D:9      | Found Pukuex's Weapon Shop.
  9666 | D:9      | Reached *** piety under Kikubaaqudgha
  9666 | D:9      | Identified Kikubaaqudgha's Volume of Evil (Kikubaaqudgha
                  | gifted it to you on level 9 of the Dungeon)
  9666 | D:9      | Received a gift from Kikubaaqudgha
  9666 | D:9      | Reached XP level 11. HP: 71/71 MP: 14/20
  9679 | D:9      | Learned a level 5 spell: Dispel Undead
  9856 | D:9      | Found a glowing silver altar of Zin.
 10404 | D:10     | Entered Level 10 of the Dungeon
 10589 | D:10     | Reached skill level 1 in Polearms
 11184 | D:10     | Reached skill level 5 in Stealth
 11598 | D:11     | Found a snail-covered altar of Cheibriados.
 11627 | D:11     | Noticed a manticore
 11664 | D:11     | Killed a manticore
 11736 | D:11     | Reached **** piety under Kikubaaqudgha
 12358 | D:11     | Gained mutation: Your spells are a little harder to cast,
                  | but a little more powerful. [potion of mutation]
 12358 | D:11     | Gained mutation: You occasionally shout uncontrollably at
                  | your foes. [potion of mutation]
 12358 | D:11     | Gained mutation: Your flesh is cold resistant. (rC+)
                  | [potion of mutation]
 12359 | D:11     | Lost mutation: You occasionally shout uncontrollably at
                  | your foes. [potion of mutation]
 12359 | D:11     | Gained mutation: You have a beak for a mouth. [potion of
                  | mutation]
 12359 | D:11     | Gained mutation: You are partially covered in large bone
                  | plates. (SH +4) [potion of mutation]
 12412 | Orc:1    | Entered Level 1 of the Orcish Mines
 12514 | Orc:1    | Reached XP level 12. HP: 80/84 MP: 18/21
 12591 | Orc:1    | Found Jiumuddy's Gadget Shop.
 12623 | Orc:2    | Entered Level 2 of the Orcish Mines
 12655 | Orc:1    | Reached skill level 5 in Evocations
 12745 | Orc:1    | Reached skill level 5 in Fighting
 12745 | Orc:1    | Reached skill level 5 in Armour
 12828 | Orc:1    | Reached ***** piety under Kikubaaqudgha
 12969 | Orc:2    | Found a staircase to the Elven Halls.
 12999 | Orc:2    | Noticed a two-headed ogre
 12999 | Orc:2    | Noticed a two-headed ogre
 13022 | Orc:2    | Found a roughly hewn altar of Beogh.
 13551 | Orc:2    | Learned a level 5 spell: Borgnjor's Vile Clutch
 13628 | Orc:2    | Noticed a two-headed ogre
 13628 | Orc:2    | Noticed a two-headed ogre
 13644 | Orc:2    | Killed a two-headed ogre
 13644 | Orc:2    | Reached skill level 1 in Earth Magic
 13650 | Orc:2    | Noticed a two-headed ogre
 13663 | Orc:2    | Killed a two-headed ogre
 13695 | Orc:2    | Noticed a two-headed ogre
 13700 | Orc:2    | Killed a two-headed ogre
 13724 | Orc:2    | Noticed a two-headed ogre
 13726 | Orc:2    | Noticed a two-headed ogre
 13729 | Orc:2    | Noticed a two-headed ogre
 13731 | Orc:2    | Killed a two-headed ogre
 13736 | Orc:2    | Killed a two-headed ogre
 13750 | Orc:2    | Killed a two-headed ogre
 13752 | Orc:2    | Noticed a two-headed ogre
 13755 | Orc:2    | Killed a two-headed ogre
 13762 | Orc:2    | Noticed a two-headed ogre
 13783 | Orc:2    | Killed a two-headed ogre
 13790 | Orc:2    | Killed a two-headed ogre
 13790 | Orc:2    | Reached XP level 13. HP: 95/95 MP: 4/22
 13820 | Orc:2    | Reached skill level 5 in Dodging
 13820 | Orc:2    | Reached skill level 5 in Earth Magic
 13900 | Orc:2    | Noticed an ogre mage
 13925 | Orc:2    | Killed an ogre mage
 13952 | Orc:2    | Found Colo's Antique Armour Shoppe.
 13953 | Orc:2    | Found Rerurr's Magic Scroll Boutique.
 13958 | Orc:2    | Found Afoetz's Weapon Boutique.
 13958 | Orc:2    | Found Vytef's Antique Weapon Emporium.
 13968 | Orc:2    | Bought a scroll of noise for 15 gold pieces
 14024 | Orc:2    | Noticed an ogre mage
 14052 | Orc:2    | Killed an ogre mage
 14326 | D:6      | Bought a pair of faintly humming gloves for 228 gold pieces
 14336 | D:6      | Identified the +1 pair of gloves of Insecurity {+Fly rPois
                  | MR+ Str-4} (You bought it in a shop on level 6 of the
                  | Dungeon)
 14400 | Lair:1   | Entered Level 1 of the Lair of Beasts
 14467 | Lair:1   | Found a frozen archway.
 14476 | IceCv    | Entered an ice cave
 14938 | IceCv    | Noticed an ice dragon
 14977 | IceCv    | Gained mutation: You do not regenerate when monsters are
                  | visible. [mutagenic glow]
 14982 | IceCv    | Killed an ice dragon
 15001 | IceCv    | Noticed an ice dragon
 15064 | IceCv    | Killed an ice dragon
 15468 | Lair:2   | Noticed a four-headed hydra
 15482 | Lair:2   | Killed a four-headed hydra
 15747 | Lair:3   | Reached XP level 14. HP: 100/108 MP: 6/23
 15785 | Lair:3   | Reached ****** piety under Kikubaaqudgha
 15794 | Lair:2   | Received a gift from Kikubaaqudgha
 15815 | Lair:1   | Fell from the grace of Kikubaaqudgha
 15935 | D:5      | Became a worshipper of Gozag Ym Sagoz the Greedy
 16081 | D:5      | Bought a runed buckler for 157 gold pieces
 16081 | D:5      | Bought a large shield for 94 gold pieces
 16258 | Orc:2    | Bought a scroll of amnesia for 52 gold pieces
 16258 | Orc:2    | Bought a scroll of identify for 30 gold pieces
 16258 | Orc:2    | Bought a scroll of identify for 30 gold pieces
 17698 | Lair:3   | Reached skill level 4 in Shields
 17707 | Lair:3   | Reached skill level 10 in Armour
 17709 | Lair:3   | Reached skill level 10 in Fighting
 17854 | Lair:3   | Reached skill level 5 in Shields
 18406 | Lair:3   | Reached skill level 6 in Shields
 19036 | Lair:4   | Reached skill level 7 in Shields
 19077 | Lair:4   | Found a staircase to the Swamp.
 19165 | Lair:4   | Reached skill level 8 in Shields
 19228 | Lair:4   | Found a hole to the Spider Nest.
 19395 | Lair:4   | Got a dazzling leather armour
 19420 | Lair:4   | Identified the +1 leather armour of Mysticism {-Tele Regen+
                  | Str+4 Slay+3} (You found it on level 4 of the Lair of
                  | Beasts)
 19813 | Lair:5   | Noticed Snorg
 19849 | Lair:5   | Reached skill level 9 in Shields
 19890 | Lair:5   | Killed Snorg
 20326 | Lair:5   | Learned a level 3 spell: Ozocubu's Armour
 20448 | Lair:5   | Reached skill level 10 in Shields
 20646 | Lair:6   | Entered Level 6 of the Lair of Beasts
 20894 | Lair:6   | Reached skill level 11 in Shields
 21075 | Lair:6   | Reached XP level 15. HP: 73/115 MP: 9/24
 21267 | Lair:6   | Reached skill level 12 in Shields
 21506 | Lair:6   | Found a staircase to the Slime Pits.
 21567 | Lair:6   | Reached skill level 13 in Shields
 21990 | Lair:6   | Reached skill level 14 in Shields
 22093 | Lair:6   | Noticed a reaper
 22355 | Lair:6   | Got a transparent short sword
 22699 | D:8      | Identified the cursed +0 short sword of Fedhas {drain,
                  | Str+2 Int+3} (You found it on level 6 of the Lair of
                  | Beasts)
 22958 | D:12     | Reached skill level 15 in Shields
 23115 | D:12     | Reached skill level 1 in Ice Magic
 23251 | D:12     | Found Pefraiv's Assorted Antiques.
 23274 | D:12     | Bought a scroll of identify for 56 gold pieces
 23274 | D:12     | Bought a scroll labeled DUNUAMU DEXE for 28 gold pieces
 23274 | D:12     | Bought a smoking hunting sling for 182 gold pieces
 23274 | D:12     | Identified the +7 hunting sling "Winuhumpu" {flame, rF+
                  | Str+4 Int+3} (You bought it in a shop on level 12 of the
                  | Dungeon)
 23743 | D:13     | Noticed an ironheart preserver
 23768 | D:13     | Killed an ironheart preserver
 23879 | D:13     | Reached skill level 5 in Charms
 23920 | D:13     | Found a gate to the Vaults.
 24194 | D:13     | Reached XP level 16. HP: 122/122 MP: 17/25
 24895 | D:14     | Reached skill level 5 in Ice Magic
 24919 | D:14     | Was forgiven by Kikubaaqudgha
 25171 | D:14     | Found a portal to a secret trove of treasure.
 26095 | D:15     | Entered Level 15 of the Dungeon
 26289 | D:15     | Found a staircase to the Depths.
 26303 | D:15     | Found a white marble altar of Elyvilon.
 26423 | D:15     | Found Quaxej's Distillery.
 26477 | D:15     | Bought a potion of curing for 51 gold pieces
 26477 | D:15     | Bought a potion of curing for 51 gold pieces
 26477 | D:15     | Bought a potion of invisibility for 136 gold pieces
 26818 | D:15     | Noticed Agnes
 26821 | D:15     | Noticed Nessos
 26828 | D:15     | Killed Agnes
 26851 | D:15     | Killed Nessos
 27052 | D:15     | Noticed Louise
 27069 | D:15     | Killed Louise
 27071 | D:15     | Reached skill level 10 in Spellcasting
 27336 | D:14     | You paid a toll of a +4 demon trident to enter a treasure
                  | trove
 27337 | Trove    | Entered a treasure trove
 27356 | Trove    | Identified Sif Muna's Advanced Guide to the Hermit's
                  | Heritage
 27360 | Trove    | Identified Sif Muna's Guide on Gliding Boosts
 27366 | Trove    | Learned a level 3 spell: Spectral Weapon
 27391 | Trove    | Got a clouded silver amulet
 27455 | D:14     | Identified the amulet of the Vanishing Stories {Acrobat
                  | Fragile rF++ MR+ Slay+6} (You found it in a treasure trove)
 27729 | Swamp:1  | Entered Level 1 of the Swamp
 27747 | Lair:4   | Reached XP level 17. HP: 40/125 MP: 28/31
 30014 | Swamp:3  | Got a smelly leather armour
 30028 | Swamp:3  | Noticed a thorn hunter
 30042 | Swamp:3  | Killed a thorn hunter
 30790 | Swamp:4  | Entered Level 4 of the Swamp
 30797 | Swamp:4  | Noticed Donald
 31056 | Swamp:4  | Noticed a thorn hunter
 31071 | Swamp:4  | Killed a thorn hunter
 31083 | Swamp:4  | Noticed a thorn hunter
 31103 | Swamp:4  | Killed a thorn hunter
 31180 | Swamp:4  | Found a runed translucent gate.
 31181 | Swamp:4  | Found a runed translucent gate.
 31182 | Swamp:4  | Found a runed translucent gate.
 31183 | Swamp:4  | Noticed GordonOverkill's ghost (journeyman FeBe)
 31183 | Swamp:4  | Noticed Morbidden's ghost (adept DsGl)
 31184 | Swamp:4  | Noticed Jabberih's ghost (adept DsGl)
 31437 | Swamp:4  | Reached XP level 18. HP: 90/134 MP: 11/36
 31455 | Swamp:4  | Killed Donald
 31547 | Swamp:4  | Slain by a titanic slime creature

Skill      XL: |  1  2  3  4  5  6  7  8  9 10 11 12 13 14 15 16 17 |
---------------+----------------------------------------------------+-----
Conjurations   | 1 2 3 4 5 6 |  6.3
Poison Magic   | 2 5 8 |  8.0
Fire Magic     | 1 3 4 |  4.1
Air Magic      | 1 3 4 |  4.2
Shields        | 3 11 15 | 15.0
Charms         | 3 4 5 6 |  6.0
Necromancy     | 3 6 7 8 9 |  9.1
Spellcasting   | 5 6 10 14 | 14.6
Dodging        | 2 3 4 7 8 |  8.0
Armour         | 1 4 6 9 10 | 10.0
Evocations     | 1 4 6 |  6.0
Fighting       | 1 4 6 9 10 | 10.0
Stealth        | 3 6 |  6.0
Polearms       | 2 |  2.0
Earth Magic    | 4 5 7 |  7.2
Ice Magic      | 3 6 |  6.0
Slings         | |  0.5
Summonings     | |  1.0
Translocations | |  0.8

Action                   |  1- 3 |  4- 6 |  7- 9 | 10-12 | 13-15 | 16-18 || total
-------------------------+-------+-------+-------+-------+-------+-------++-------
Melee: Short sword       |    31 |    54 |    69 |    63 |       |       ||   217
       Staff             |       |       |    21 |    46 |       |       ||    67
       Trident           |       |       |       |   439 |  1682 |   957 ||  3078
       Peck              |       |       |       |    29 |   215 |   148 ||   392
 Fire: Hunting sling     |       |       |       |       |    27 |     2 ||    29
Throw: Stone             |       |       |     9 |       |       |       ||     9
 Cast: Magic Dart        |    75 |   170 |   128 |   157 |     5 |       ||   535
       Mephitic Cloud    |       |     4 |    26 |    55 |    96 |    43 ||   224
       Conjure Flame     |       |       |    19 |    41 |    99 |    47 ||   206
       Regeneration      |       |       |       |    34 |    54 |    74 ||   162
       Dispel Undead     |       |       |       |    13 |     8 |    30 ||    51
       Sublimation of Bl |       |       |       |    14 |    17 |    17 ||    48
       Borgnjor's Vile C |       |       |       |       |    24 |    56 ||    80
       Spectral Weapon   |       |       |       |       |       |    45 ||    45
       Ozocubu's Armour  |       |       |       |       |       |    32 ||    32
Invok: Receive Necronomi |       |       |       |       |     1 |       ||     1
       Renounce Religion |       |       |       |       |     1 |       ||     1
       Potion Petition   |       |       |       |       |       |     1 ||     1
 Abil: Dig               |       |       |    17 |    17 |    31 |    10 ||    75
Evoke: Wand              |       |       |     4 |       |     9 |       ||    13
  Use: Scroll            |       |       |     9 |     5 |     6 |     8 ||    28
       Potion            |       |       |     3 |     5 |     2 |       ||    10
 Stab: Confused          |       |       |     6 |    22 |    63 |    27 ||   118
       Paralysed         |       |       |     6 |       |       |       ||     6
       Distracted        |       |       |       |     1 |     6 |     4 ||    11
       Sleeping          |       |       |       |       |     7 |     6 ||    13
       Invisible         |       |       |       |       |       |     1 ||     1
  Eat: Chunk             |     2 |     9 |    16 |    29 |     9 |       ||    65
       Ration            |       |       |       |       |    15 |    15 ||    30
Armor: Robe              |     4 |     9 |     8 |    22 |       |       ||    43
       Skin              |       |       |       |    15 |       |       ||    15
       Troll leather arm |       |       |       |    23 |   302 |   249 ||   574
Dodge: Dodged            |    38 |    65 |    65 |   182 |   567 |   346 ||  1263
Block: Buckler           |       |       |    15 |   214 |   913 |       ||  1142
       Reflection        |       |       |       |     6 |    14 |    34 ||    54
       Large shield      |       |       |       |       |   256 |  1029 ||  1285
